 Dungeon Crawl Stone Soup version 0.31.0-32-g396128a36d (webtiles) character file.

Game seed: 4480606456582553490

162 PaiMei the Grave Robber (level 5, -5/38 HPs)
             Began as a Demonspawn Necromancer on Mar 20, 2024.
             Killed by divine providence
             ... invoked by an orc priest
              (9 damage)
             ... on level 3 of the Dungeon.
             The game lasted 00:04:19 (3549 turns).

PaiMei the Grave Robber (Demonspawn Necromancer)    Turns: 3549, Time: 00:04:20

Health: -5/38      AC: 13    Str: 14    XL:     5   Next: 19%
Magic:  1/9        EV: 17    Int: 18    God:
Gold:   159        SH:  0    Dex: 13    Spells: 2/10 levels left

rFire   . . .        y - +2 dagger (pain)
rCold   . . .        (no shield)
rNeg    . . .        m - +1 leather armour {Will+}
rPois   .            r - +2 hat
rElec   .            e - +0 cloak
rCorr   .            (no gloves)
SInv    .            (no boots)
Will    +....        (no amulet)
Stlth   ++           j - ring of wizardry
HPRegen 0.26/turn    k - +6 ring of strength
MPRegen 0.11/turn

%: wizardry (x1)
@: agile, sanguine armoured
A: powered by pain 2, sanguine armour 1
a: no special abilities


You were on level 3 of the Dungeon.
You visited 1 branch of the dungeon, and saw 4 of its levels.

You collected 159 gold pieces.

Inventory:

Hand Weapons
 i - a +3 hand axe
 y - a +2 dagger of pain (weapon)
Missiles
 o - 5 atropa-tipped darts (quivered)
 p - 6 poisoned darts
Armour
 e - a +0 cloak (worn)
 m - a +1 leather armour of willpower (worn)
 n - an orb of mayhem
 r - a +2 hat (worn)
 x - a +2 ring mail of cold resistance
Jewellery
 j - a ring of wizardry (left hand)
 k - a +6 ring of strength (right hand)
Scrolls
 c - a scroll of fear {unknown}
 d - a scroll of revelation {unknown}
 f - 5 scrolls of identify {unknown}
 h - a scroll of immolation {unknown}
 l - 2 scrolls of teleportation {unknown}
 s - a scroll of vulnerability {unknown}
 t - a scroll of noise {unknown}
 v - 2 scrolls of poison {unknown}
 w - a scroll of brand weapon {unknown}
Potions
 a - 4 potions of curing {unknown}
 b - 3 potions of magic
 g - a potion of attraction {unknown}
 q - a potion of invisibility {unknown}
 u - a potion of degeneration {unknown}


   Skills:
 + Level 2.0 Fighting
 + Level 2.8 Dodging
 - Level 2.0 Stealth
 + Level 3.0 Spellcasting
 + Level 5.2 Necromancy


You had 2 spell levels left.
You knew the following spells:

 Your Spells              Type           Power      Damage    Failure   Level
a - Necrotise             Necr           84%        1d8       1%          1
b - Vampiric Draining     Necr           21%        2d7       2%          3
c - Animate Dead          Necr           21%        N/A       10%         4

Your spell library contained the following spells:

 Spells                   Type           Power      Damage    Failure   Level
 Tukima's Dance           Hex            2%         N/A       24%         3
 Curse of Agony           Necr           21%        N/A       26%         5
 Dimensional Bullseye     Hex/Tloc       1%         N/A       58%         4
 Iskenderun's Mystic Bla  Conj/Tloc      2%         2d3       58%         4


Dungeon Overview and Level Annotations

Branches:
Dungeon (4/15)
 Temple: D:4-7

Altars:
Cheibriados
Dithmenos
Trog

Annotations:
D:4 3 runed translucent doors


Innate Abilities, Weirdness & Mutations

You sometimes gain power by taking damage.
When seriously injured, your blood forms armour. (AC +6)


Message History

The orc hits you with a +0 club. The orc priest closely misses you.
The orc priest hits your hobgoblin skeleton with a +0 hand axe.
Your hobgoblin skeleton hits the orc but does no damage.
You climb upwards.
Your mindless puppet stays behind to rot.
There is a stone staircase leading down here.
Casting: Necrotise (safe; 1% risk of failure)
Confirm with . or Enter, or press ? or * to list all spells.
You don't have enough magic to cast this spell.
The orc priest calls upon Beogh to heal the orc.
The orc is healed somewhat.
The orc priest barely misses you.
You hit the orc priest but do no damage.
The orc priest writhes in agony.
The orc priest is moderately wounded.
The orc priest hits you with a +0 hand axe.
The orc barely misses you.
You barely miss the orc priest.
The orc priest is moderately wounded.
The orc priest hits you with a +0 hand axe.
The orc priest barely misses you. The orc hits you but does no damage.
You hit the orc priest but do no damage.
The orc priest writhes in agony.
The orc priest is severely wounded.
The orc priest completely misses you. The orc priest closely misses you.
The orc closely misses you.
The orc priest attacks as it pursues you!
The orc priest hits you with a +0 hand axe.
The orc priest mumbles some strange prayers to Beogh against you.
Beogh smites you!
Your blood congeals into armour.
The orc priest mumbles some strange prayers to Beogh against you.
Beogh smites you!
* * * LOW HITPOINT WARNING * * *
You focus on the pain.
You feel agile all of a sudden. The orc barely misses you.
The orc attacks as it pursues you! The orc hits you but does no damage.
There is a stone staircase leading up here.
The orc priest mumbles some strange prayers to Beogh against you.
Beogh smites you!
You die...

..........# #......###....#
.........## #.....##.##...#
..........### #...#.#._.#.#.#
............###.).#.......#.#
.........##.......##.....##.#
..#########.##.....##...##..#
..# #.#.......#####...# ..#
######>oo.o............# ..#
#.(.......#@..#####'#### ..#
#.#################.######
..# #.# #................#
..# #.# #.#########.###.##
### #.# #.# ###.# #.# #.# #.#
#.#.# #.# #.# #.# #.#.# #.#
#.# #.# #.#.###.# #.# #.#
#.......#


You could see 2 orc priests and an orc.

Vanquished Creatures
  An orc wizard (D:4)
  A gnoll (D:1)
  2 adders
  2 ribbon worms
  A dart slug (D:1)
  9 orcs
  7 ball pythons
  10 bats
  7 endoplasms
  3 giant cockroaches
  11 goblins
  8 hobgoblins
  3 jackals (D:1)
  2 quokkas (D:2)
  4 frilled lizards
  5 kobolds
  4 rats
80 creatures vanquished.

Vanquished Creatures (collateral kills)
  A ribbon worm (D:2)
  An endoplasm (D:2)
  A jackal (D:1)
3 creatures vanquished.

Vanquished Creatures (others)
  An arcanist (D:3)
1 creature vanquished.

Grand Total: 84 creatures vanquished

Notes
Turn   | Place    | Note
-------+----------+-------------------------------------------
     0 | D:1      | PaiMei the Demonspawn Necromancer began the quest for the
                  | Orb.
     0 | D:1      | Reached XP level 1. HP: 13/13 MP: 3/3
   173 | D:1      | Gained mutation: When seriously injured, your blood forms
                  | armour. (AC +6) [demonic ancestry]
   173 | D:1      | Reached XP level 2. HP: 19/19 MP: 1/5
   488 | D:1      | Gained mutation: You sometimes gain a little power by
                  | taking damage. [demonic ancestry]
   488 | D:1      | Reached XP level 3. HP: 25/25 MP: 1/6
   492 | D:1      | Learned a level 3 spell: Vampiric Draining
   715 | D:1      | Reached skill level 1 in Fighting
  1341 | D:2      | Reached XP level 4. HP: 32/32 MP: 2/7
  1427 | D:2      | Reached skill level 5 in Necromancy
  1821 | D:2      | Found a snail-covered altar of Cheibriados.
  2174 | D:3      | Found a shadowy altar of Dithmenos.
  2387 | D:3      | Learned a level 4 spell: Animate Dead
  2442 | D:3      | Found a faded altar of an unknown god.
  3000 | D:3      | Found a bloodstained altar of Trog.
  3002 | D:3      | Noticed a wizard
  3007 | D:3      | Killed a wizard
  3477 | D:4      | Found a runed translucent gate.
  3478 | D:4      | Found a runed translucent gate.
  3478 | D:4      | Found a runed translucent gate.
  3483 | D:4      | Gained mutation: You sometimes gain power by taking damage.
                  | [demonic ancestry]
  3483 | D:4      | Reached XP level 5. HP: 38/38 MP: 3/9
  3490 | D:4      | Noticed a black bear
  3549 | D:3      | Killed from afar by an orc priest

Illustrated notes

Levels and vault maps discovered:
D:1:      roderic_crossed_star, layout_rooms, serial_forest,
          infiniplex_forest_lined_room_3, infiniplex_forest_side_room,
          infiniplex_forest_straight_2, infiniplex_forest_clump_medium,
          infiniplex_forest_clump_large, infiniplex_forest_straight_5,
          minmay_pentomino_t2
D:2:      layout_basic, basic_altar, minmay_split_cup_small
D:3:      layout_basic, nicolae_dithmenos_through_a_glass_darkly, trog_wizard,
          mainiacjoe_overflow_catwalk, shapermc_ecumenical_altar_mp_ritualfount,
          dreamdust_princess_corridor
D:4:      layout_loops_cross, mainiacjoe_overflow_surrounded_room,
          biasface_ghost_orc_armoury, uniq_natasha, uniq_grinder

Skill      XL: |  1  2  3  4 |
---------------+-------------+-----
Stealth        | 2 |  2.0
Dodging        | 2 |  2.8
Fighting       | 1 2 |  2.0
Necromancy     | 5 |  5.2
Spellcasting   | 3 |  3.0

Action                     |  1- 3 |  4- 6 || total
---------------------------+-------+-------++-------
  Melee: Mace              |    20 |       ||    20
         Hand axe          |     1 |    22 ||    23
         Dagger            |       |     5 ||     5
   Cast: Necrotise         |    65 |    84 ||   149
         Vampiric Draining |       |     1 ||     1
 Armour: Robe              |    27 |     8 ||    35
         Leather armour    |       |    29 ||    29
  Dodge: Dodged            |    25 |    42 ||    67
